 Dungeon Crawl Stone Soup version 0.14-a0-1266-g856eec9 (webtiles) character file.

93034 PolkaDot the Maledictor (level 15, -4/81 HPs)
             Began as a Vampire Enchanter on Dec 3, 2013.
             Was the Champion of Makhleb.
             Slain by an orc warrior
             ... wielding a +0,+1 orcish halberd
             ... led by an orc warlord
              (24 damage)
             ... on Level 4 of the Orcish Mines on Dec 4, 2013.
             The game lasted 03:30:22 (31819 turns).

PolkaDot the Maledictor (Vampire Enchanter)        Turns: 31819, Time: 03:30:22

HP  -4/81        AC  9     Str  8      XL: 15   Next: 56%
MP   0/27        EV 17     Int 18      God: Makhleb [******]
Gold 925         SH  0     Dex 17      Spells:  6 memorised,  2 levels left

rFire  + . .     SeeInvis +     a - +10,+5 dagger of Nightmares {freeze, Hunger rF+}
rCold  . . .     Clarity  +     o - +2 robe {MR+}
rNeg   + . .     Conserve +     (no shield)
rPois  +         rCorr    +     (no helmet)
rElec  .         rRot     .     F - +2 cloak {rCorr, Cons}
SustAb . .       Spirit   .     C - +0 pair of gloves
rMut   .         Warding  .     q - +0 pair of boots
Saprov . . .     Stasis   .     j - amulet of clarity {unknown}
                                V - ring of wizardry
                                k - ring of wizardry

@: very resistant to hostile enchantments, extraordinarily stealthy
A: bottle blood, claws 1, fangs 3, see invisible, berserk 1, frail 1, poison
resistance, unbreathing
a: Bat Form, Bottle Blood, Minor Destruction, Lesser Servant of Makhleb, Major
Destruction, Greater Servant of Makhleb, Renounce Religion


You were on level 4 of the Orcish Mines.
You worshipped Makhleb.
Makhleb was exalted by your worship.
You were not thirsty.

You visited 4 branches of the dungeon, and saw 29 of its levels.
You also visited: Sewer, Bailey and Ice Cave.

You collected 2140 gold pieces.
You spent 1215 gold pieces at shops.

Inventory:

Hand weapons
 a - the +10,+5 dagger of Nightmares (weapon) {freeze, Hunger rF+}
   (You bought it in a shop on level 9 of the Dungeon)

   It has been specially enchanted to freeze those struck by it, causing extra
   injury to most foes and up to double damage against particularly susceptible
   opponents.
   It can also slow down cold-blooded creatures.
   It protects you from fire.
   It speeds your metabolism.
Missiles
 d - 12 darts (quivered)
Armour
 o - a +2 robe of magic resistance (worn)
 q - a +0 pair of boots (worn)
 C - a +0 pair of gloves (worn)
 F - a +2 cloak of preservation (worn)
Magical devices
 n - a wand of polymorph (7)
 Y - a wand of heal wounds (0)
Scrolls
 e - a scroll of fog
 g - a scroll of enchant weapon II
Jewellery
 f - an uncursed ring of sustenance {unknown}
 i - a +3 ring of protection
 j - an amulet of clarity (around neck) {unknown}
 k - a ring of wizardry (left hand)
 l - a +5 ring of evasion
 s - an uncursed ring of ice
 D - an uncursed amulet of resist corrosion
 K - an uncursed ring of ice
 V - a ring of wizardry (right hand)
Potions
 m - 5 potions of curing
Books
 c - a book of Maledictions

   Spells                             Type                      Level
   *Corona                            Hexes                        1
   Sure Blade                         Hexes/Charms                 2
   *Ensorcelled Hibernation           Hexes/Ice                    2
   *Confuse                           Hexes                        3
   *Enslavement                       Hexes                        4
   *Invisibility                      Hexes                        6
 p - a book of Changes

   Spells                             Type                      Level
   Beastly Appendage                  Transmutation                1
   Sticks to Snakes                   Transmutation                2
   Spider Form                        Transmutation/Poison         3
   Ice Form                           Ice/Transmutation            4
   Blade Hands                        Transmutation                5
 T - a book of Clouds

   Spells                             Type                      Level
   Mephitic Cloud                     Conjuration/Poison/Air       3
   Conjure Flame                      Conjuration/Fire             3
   Poisonous Cloud                    Conjuration/Poison/Air       6
   *Freezing Cloud                    Conjuration/Ice/Air          6
   Ring of Flames                     Charms/Fire                  7
 X - a book of the Tempests

   Spells                             Type                      Level
   Static Discharge                   Conjuration/Air              3
   Lightning Bolt                     Conjuration/Air              5
   Fireball                           Conjuration/Fire             5
   Tornado                            Air                          9
   Shatter                            Earth                        9
Magical staves
 b - an uncursed staff of conjuration
 U - an uncursed staff of power


   Skills:
 - Level 10.3 Short Blades
 - Level 0.7 Throwing
 - Level 7.0 Dodging
 - Level 18.0 Stealth
 - Level 5.0 Spellcasting
 * Level 5.5 Conjurations
 - Level 21.9 Hexes
 - Level 10.6 Ice Magic
 + Level 7.4 Air Magic


You had 2 spell levels left.
You knew the following spells:

 Your Spells              Type           Power        Failure   Level  Hunger
a - Corona                Hex            ######.      0%          1    None
c - Confuse               Hex            ######..     0%          3    ###....
d - Ensorcelled Hibernat  Hex/Ice        ######       1%          2    #......
e - Enslavement           Hex            ######..     0%          4    ####...
i - Invisibility          Hex            ######..     1%          6    #######
z - Freezing Cloud        Conj/Ice/Air   ####......   34%         6    #######


Dungeon Overview and Level Annotations

Branches:
Dungeon (16/16)            Temple (1/1) D:7             Orc (4/4) D:10
    Elf (0/3) Orc:4          Lair (8/8) D:10         Shoals (0/5) Lair:3
  Snake (0/5) Lair:4        Slime (0/6) Lair:6       Vaults (0/5) D:15
 Depths (0/6) D:16

Altars:
Ashenzari
Cheibriados
Elyvilon
Fedhas
Kikubaaqudgha
Makhleb
Nemelex Xobeh
Okawaru
Sif Muna
Trog
Vehumet
Xom
Yredelemnul
Zin
the Shining One
Beogh

Shops:
D:4 =   D:9 (   D:11 }*++   Orc:2 *   Orc:4 [[(/[

Annotations:
Orc:4 exclusion: 2 doors
Lair:8 exclusion: 4 doors


Innate Abilities, Weirdness & Mutations

You can bottle blood from corpses.
You have razor-sharp teeth.*
You have supernaturally acute eyesight.
You can survive without breathing.*
You have sharp fingernails.*
You tend to lose your temper in combat.+ You are frail (-10% HP).
Your system is resistant to poisons.*+


Message History

Evoke which item? (* to show all) (? for menu, Esc to quit)
Zapping:
Y - a wand of heal wounds (1)
Press: ? - help, Shift-Dir - straight line, f - you You feel much better.
This wand has 0 charges left.
The orc closely misses you.
The orc wizard mumbles some strange words.
The orc wizard seems to speed up.
The warg bites you.
* * * LOW HITPOINT WARNING * * *
The warg claws you but does no damage. The warg barely misses you.
The orc warrior closely misses you.
Evoke which item? (* to show all) (? for menu, Esc to quit)
Okay, then.
Casting: Ensorcelled Hibernation
Confirm with . or Enter, or press ? or * to list all spells.
Aiming: Enslavement
Press: ? - help, Shift-Dir - straight line, f - warg
Aim: a warg The warg easily resists.
* * * LOW MAGIC WARNING * * *
The orc warrior hits you from afar with an orcish halberd!
You die...

.............o.o...# ***
............o......#** ***, *
#.#######..######..#* *#**,, ,*
#.#.._..#..#,..∩#..#,,.#*,,,,**
#.#.....#.o# ...#..#*.##,,,***
..#.....#.o#,...#o.#...##.*** *
#.###)###..#,o..#oo.......#, * *
#...)))....##'###oo.>....., ,*,**
#))8...8.....ooo@hoo......,, .,,#
#.)..).....##[###oooo.....,,*#.##
)..........#,oo.#oo.o.o.o,,,,#...
#.###.###..#oo..#...T....,,,#....
#.# #.# #..# ..∩#.......,, ,.#...
#.###.###..#*####....o.,∩ ,,.....
............,,,,......*,,,,......
.............,,,.....,**,,,......
....###.........,.,,,,,,,,,#.....


You could see an orc knight, a troll, 8 orc warriors, a warg, 2 orc priests, an
orc wizard and 7 orcs.

Vanquished Creatures
  Kirke (D:16)
  A dire elephant (Lair:8)
  Azrael (D:15)
  2 vault guards (D:15)
  Harold (D:15)
  Josephine (D:10)
  7 hydras
  5 death yaks
  Erica (D:15)
  The ghost of EuServersOMG the Fighter, an experienced FoFi of Okawaru (D:11)
  A rakshasa (D:15)
  Urug (D:15)
  A centaur warrior (D:15)
  A fire crab (D:16)
  The ghost of M4edhros the Tainter, an experienced OpVM of Zin (D:8)
  Nergalle (D:11)
  2 unseen horrors
  Erolcha (D:9)
  2 ice statues (IceCv)
  Joseph (D:7)
  5 orc knights
  3 griffons
  10 hill giants
  6 wizards
  The ghost of runewalsh the Sneak, an experienced OpWz (D:7)
  2 cyclopes
  6 elephants
  Maurice (D:9)
  13 spiny frogs
  A feature mimic (D:12)
  4 yaktaurs (D:15)
  Psyche (D:9)
  2 black mambas
  6 fire drakes
  8 trolls
  A queen bee (Lair:3)
  3 komodo dragons (Lair:8)
  A hydra zombie (D:15)
  Sonja (D:16)
  A boulder beetle (Lair:7)
  2 two-headed ogres
  12 slime creatures
  A grizzly bear (Lair:4)
  15 blink frogs
  2 brown oozes (Lair:6)
  A griffon skeleton (D:13)
  A tarantella (Lair:8)
  5 redbacks (Lair:8)
  4 wraiths
  18 humans (D:15)
  3 ugly things (D:14)
  A vampire (D:16)
  6 basilisks
  7 hungry ghosts
  3 wyverns
  49 yaks
  3 vampire mosquitoes (D:13)
  10 hippogriffs
  A hog (D:16)
  Grum (D:10)
  3 fire elementals (D:15)
  The ghost of July the Skirmisher, an average FoFi (D:3)
  6 sharks
  7 wolves
  A hill giant skeleton (D:10)
  A merfolk (D:7)
  2 manticores
  A mottled dragon (D:13)
  A soldier ant (D:12)
  3 necrophages
  2 hell hounds (D:15)
  15 ice beasts
  10 porcupines
  3 black bears
  10 ogres
  2 dwarves (Orc:3)
  A black bear (shapeshifter) (D:15)
  A sky beast (D:7)
  4 giant goldfish
  31 orc warriors
  A boring beetle (Lair:7)
  A yellow wasp (D:13)
  19 centaurs
  3 brain worms
  3 phantoms
  6 wargs
  5 giant slugs
  4 big kobolds
  11 crocodiles
  A yaktaur zombie (D:16)
  15 giant frogs
  13 water moccasins
  Blork the orc (D:7)
  Duvessa (D:7)
  15 agate snails
  A yaktaur skeleton (D:14)
  A manticore zombie (D:10)
  A manticore skeleton (D:8)
  2 eyes of draining
  2 cyclops skeletons
  60 killer bees
  3 troll zombies
  2 hippogriff zombies
  3 jellyfish
  5 wights
  7 crimson imps
  3 electric eels
  9 goliath beetles
  2 giant frog zombies (D:10)
  2 two-headed ogre zombies
  A basilisk zombie (D:15)
  A yellow wasp zombie (D:8)
  12 orc priests
  A centaur skeleton (D:9)
  4 jellies
  Dowan (D:7)
  Crazy Yiuf (D:2)
  A giant frog skeleton (D:5)
  9 iguanas
  8 big fish
  12 hounds
  16 orc wizards
  3 scorpions
  12 worker ants
  A hippogriff simulacrum (D:13)
  39 sheep
  2 mottled dragon skeletons (D:11)
  A big kobold skeleton (D:10)
  4 boggarts (D:15)
  A hound zombie (D:9)
  2 hound skeletons (D:10)
  A mummy (D:8)
  28 green rats
  3 giant centipedes
  12 white imps (Orc:3)
  29 adders
  11 gnolls
  5 giant mites
  8 worms
  An adder skeleton (D:8)
  A grey rat (Sewer)
  2 giant eyeballs
  102 orcs
  A ball python (D:3)
  24 bats
  A bat zombie (D:6)
  9 giant cockroaches
  19 hobgoblins
  35 kobolds
  11 quokkas
  10 giant geckos
  4 giant newts
  2 giant spores
  17 goblins
  A goblin skeleton (D:4)
  17 jackals
  35 rats
  2 ballistomycetes
  2 fungi
1086 creatures vanquished.

Vanquished Creatures (collateral kills)
  Fannar (D:16)
  An orc high priest (Orc:3)
  An orc knight (D:16)
  An ice statue (IceCv)
  A hill giant (D:16)
  A cyclops (D:16)
  An orc sorcerer (D:16)
  An eye of devastation (D:15)
  A yak (D:16)
  A hog (D:16)
  3 ice beasts (IceCv)
  6 orc warriors
  4 wargs
  A wight (D:11)
  An orc wizard (D:11)
  10 orcs
35 creatures vanquished.

Vanquished Creatures (others)
  A two-headed ogre (D:15)
  A hungry ghost (D:16)
  A human (D:16)
  A hippogriff (D:16)
  3 hell hounds (D:15)
  A boggart (D:15)
  A spectral orc (D:11)
  2 fungi
  3 plants (Lair:7)
14 creatures vanquished.

Grand Total: 1135 creatures vanquished

Notes
Turn   | Place    | Note
--------------------------------------------------------------
     0 | D:1      | PolkaDot, the Vampire Enchanter, began the quest for the Orb.
     0 | D:1      | Reached XP level 1. HP: 13/13 MP: 3/3
   106 | D:1      | Found a shimmering altar of Xom.
   434 | D:1      | Reached XP level 2. HP: 19/19 MP: 4/4
   846 | D:2      | Reached skill level 5 in Hexes
   846 | D:2      | Reached XP level 3. HP: 18/24 MP: 6/6
   917 | D:2      | Found a blossoming altar of Fedhas.
   943 | D:2      | Learned a level 3 spell: Confuse
  1447 | D:2      | Noticed Crazy Yiuf
  1460 | D:2      | Killed Crazy Yiuf
  1460 | D:2      | Reached XP level 4. HP: 11/30 MP: 0/7
  1936 | D:3      | Reached skill level 5 in Stealth
  1951 | D:3      | Noticed July's ghost (average FoFi)
  1952 | D:3      | Paralysed by a potion of paralysis for 5 turns
  1982 | D:3      | Killed July's ghost
  1982 | D:3      | Reached skill level 6 in Hexes
  1982 | D:3      | Reached XP level 5. HP: 18/35 MP: 5/9
  1993 | D:3      | Reached skill level 7 in Hexes
  2202 | D:3      | Found an iron altar of Okawaru.
  2514 | D:4      | Reached XP level 6. HP: 41/41 MP: 10/10
  2515 | D:4      | Noticed a necrophage
  2567 | D:4      | Killed a necrophage
  2650 | D:4      | Found Yluymues' Jewellery Emporium.
  2800 | D:4      | Reached skill level 8 in Hexes
  2917 | D:4      | Noticed a necrophage
  2952 | D:4      | Killed a necrophage
  2952 | D:4      | Reached XP level 7. HP: 45/45 MP: 4/12
  3370 | D:4      | Found a glowing drain.
  3374 | Sewer    | Entered a sewer
  3434 | Sewer    | Reached skill level 9 in Hexes
  3521 | Sewer    | Found a white marble altar of Elyvilon.
  3598 | Sewer    | Learned a level 6 spell: Invisibility
  4213 | D:5      | Entered Level 5 of the Dungeon
  4493 | D:5      | Reached skill level 5 in Short Blades
  4571 | D:5      | Reached skill level 10 in Hexes
  4626 | D:5      | Reached XP level 8. HP: 30/52 MP: 0/13
  5127 | D:5      | Found a glowing silver altar of Zin.
  5127 | D:5      | Noticed an angel
  5523 | D:5      | Reached skill level 11 in Hexes
  5606 | D:6      | Found a sparkling altar of Nemelex Xobeh.
  5940 | D:6      | Paralysed by a giant eyeball for 3 turns
  5973 | D:6      | Reached skill level 12 in Hexes
  6337 | D:6      | Reached XP level 9. HP: 42/57 MP: 14/14
  6402 | D:7      | Gained mutation: You have sharp fingernails. [potion of beneficial mutation]
  6499 | D:7      | Noticed runewalsh's ghost (experienced OpWz)
  6555 | D:7      | Reached skill level 10 in Stealth
  6568 | D:7      | Killed runewalsh's ghost
  6679 | D:7      | Reached skill level 13 in Hexes
  6805 | D:7      | Noticed Dowan
  6808 | D:7      | Noticed Duvessa
  6808 | D:7      | Noticed Blork the orc
  6850 | D:7      | Found a staircase to the Ecumenical Temple.
  6886 | Temple   | Entered the Ecumenical Temple
  7218 | Temple   | Gained mutation: Your system is resistant to poisons. [potion of mutation]
  7374 | D:7      | Killed Blork the orc
  7665 | D:7      | Killed Duvessa
  7665 | D:7      | Reached skill level 14 in Hexes
  7670 | D:7      | Killed Dowan
  7702 | D:7      | Noticed Joseph
  7724 | D:7      | Gained mutation: You are frail (-10% HP). [mutagenic glow]
  7912 | D:7      | Killed Joseph
  7912 | D:7      | Reached XP level 10. HP: 54/56 MP: 6/16
  8285 | D:8      | Noticed M4edhros' ghost (experienced OpVM)
  8324 | D:8      | Killed M4edhros' ghost
  8421 | D:8      | Found a white marble altar of Elyvilon.
  8779 | D:8      | Reached skill level 15 in Hexes
  9263 | D:9      | Noticed Erolcha
  9267 | D:9      | Noticed Psyche
  9278 | D:9      | Killed Erolcha
  9287 | D:9      | Killed Psyche
  9324 | D:9      | Learned a level 2 spell: Ensorcelled Hibernation
  9380 | D:9      | Reached skill level 16 in Hexes
  9390 | D:9      | Found a burning altar of Makhleb.
  9397 | D:9      | Became a worshipper of Makhleb the Destroyer
  9420 | D:9      | Found Ewoa's Antique Weapon Emporium.
  9420 | D:9      | Noticed Maurice
  9428 | D:9      | Killed Maurice
  9440 | D:9      | Identified a +1 cloak of preservation (You took it off Maurice on level 9 of the Dungeon)
  9453 | D:9      | Bought an iridescent dagger for 168 gold pieces
  9454 | D:9      | Identified the +10,+5 dagger of Nightmares {freeze, Hunger rF+} (You bought it in a shop on level 9 of the Dungeon)
  9688 | D:9      | Found a burning altar of Makhleb.
  9689 | D:9      | Found a snail-covered altar of Cheibriados.
  9826 | D:10     | Entered Level 10 of the Dungeon
  9956 | D:10     | Noticed Josephine
  9980 | D:10     | Killed Josephine
  9980 | D:10     | Reached XP level 11. HP: 51/61 MP: 11/17
  9987 | D:10     | Acquired Makhleb's first power
 10022 | D:10     | Found a staircase to the Lair.
 10031 | D:10     | Found a flagged portal.
 10043 | Bailey   | Entered a bailey
 11030 | D:10     | Noticed a hill giant
 11038 | D:10     | Killed a hill giant
 11038 | D:10     | Reached skill level 10 in Short Blades
 11038 | D:10     | Reached skill level 17 in Hexes
 11041 | D:10     | Acquired Makhleb's second power
 11197 | D:10     | Noticed Grum
 11201 | D:10     | Killed Grum
 11205 | D:10     | Found a staircase to the Orcish Mines.
 11419 | D:10     | Acquired Makhleb's third power
 11515 | D:11     | Found Klirhid's Assorted Antiques.
 11623 | D:11     | Noticed EuServersOMG's ghost (experienced FoFi)
 11625 | D:11     | Noticed a hill giant
 11675 | D:11     | Killed EuServersOMG's ghost
 11808 | D:11     | Reached skill level 18 in Hexes
 11844 | D:11     | Noticed a hill giant
 11851 | D:11     | Killed a hill giant
 11878 | D:11     | Noticed Nergalle
 11881 | D:11     | Found Skizohai's Book Boutique.
 11883 | D:11     | HP: 3/61 [Nergalle/dispel undead (35)]
 12744 | D:11     | Found Twic Shra's Book Boutique.
 13121 | D:12     | Reached XP level 12. HP: 66/66 MP: 12/18
 13126 | D:12     | Acquired Makhleb's fourth power
 13205 | D:12     | Noticed a hill giant
 13214 | D:12     | Killed a hill giant
 13332 | D:12     | Noticed an unseen horror
 13337 | D:12     | Killed an unseen horror
 13626 | D:12     | Reached skill level 19 in Hexes
 13640 | D:12     | Reached skill level 5 in Dodging
 13885 | D:12     | Reached skill level 15 in Stealth
 13918 | D:12     | Noticed a hill giant
 13920 | D:12     | Killed a hill giant
 14041 | D:12     | Acquired Makhleb's fifth power
 14245 | D:11     | Killed a hill giant
 14326 | Lair:1   | Entered Level 1 of the Lair of Beasts
 14876 | Lair:1   | Reached skill level 20 in Hexes
 16124 | Lair:3   | Reached skill level 1 in Ice Magic
 16142 | Lair:3   | Reached XP level 13. HP: 67/71 MP: 16/19
 16251 | Lair:3   | Found a staircase to the Shoals.
 16573 | Lair:3   | Noticed a five-headed hydra
 16671 | Lair:3   | Killed a five-headed hydra
 17349 | Lair:4   | Reached skill level 21 in Hexes
 17541 | Lair:4   | Found a staircase to the Snake Pit.
 18247 | Lair:5   | Learned a level 4 spell: Enslavement
 19011 | Lair:5   | Reached skill level 5 in Ice Magic
 19531 | Lair:6   | Found a staircase to the Slime Pits.
 20511 | Lair:7   | Reached XP level 14. HP: 76/76 MP: 20/20
 21047 | Lair:8   | Entered Level 8 of the Lair of Beasts
 21956 | D:11     | Bought a book of Clouds for 675 gold pieces
 23238 | D:11     | Killed Nergalle
 23272 | D:11     | Found Skaykops' Gadget Boutique.
 23517 | D:13     | Found a blossoming altar of Fedhas.
 24164 | D:13     | Reached skill level 5 in Spellcasting
 24200 | D:13     | Learned a level 6 spell: Freezing Cloud
 24714 | D:14     | Reached skill level 1 in Air Magic
 25336 | D:15     | Entered Level 15 of the Dungeon
 25345 | D:15     | Reached skill level 1 in Conjurations
 25571 | D:15     | Noticed Azrael
 25574 | D:15     | Noticed Erica
 25593 | D:15     | Killed Azrael
 25620 | D:15     | Killed Erica
 25620 | D:15     | Reached skill level 10 in Ice Magic
 25739 | D:15     | Identified a scroll of acquirement
 25814 | D:15     | Noticed Urug
 25854 | D:15     | Killed Urug
 25893 | D:15     | Reached XP level 15. HP: 81/81 MP: 23/27
 26006 | D:16     | Entered Level 16 of the Dungeon
 26437 | D:15     | Noticed Harold
 26449 | D:15     | Killed Harold
 26455 | D:15     | Reached skill level 5 in Air Magic
 26874 | D:15     | Found a gate to the Vaults.
 27034 | D:16     | Noticed Sonja
 27068 | D:16     | Killed Sonja
 27132 | D:16     | Found a staircase to the Depths.
 27198 | D:15     | Gained mutation: You tend to lose your temper in combat. [mutagenic glow]
 27281 | D:16     | Noticed Fannar
 27281 | D:16     | Paralysed by an orc sorcerer for 4 turns
 27297 | D:16     | Killed Fannar
 27606 | D:16     | Noticed Kirke
 27630 | D:16     | Killed Kirke
 28475 | D:4      | Bought an uncursed ring of wizardry for 330 gold pieces
 28804 | Orc:1    | Entered Level 1 of the Orcish Mines
 28975 | Orc:2    | Found a shimmering altar of Xom.
 29139 | Orc:3    | Found an iron altar of Okawaru.
 29417 | Orc:3    | Reached skill level 5 in Conjurations
 29430 | Orc:3    | Found a frozen archway.
 29479 | IceCv    | Entered an ice cave
 30944 | Orc:2    | Found a radiant altar of Vehumet.
 30944 | Orc:2    | Found Koku's General Store.
 31009 | Orc:2    | Bought a scroll of magic mapping for 42 gold pieces
 31308 | Orc:4    | Entered Level 4 of the Orcish Mines
 31316 | Orc:4    | Found Bralug's Armour Shoppe.
 31323 | Orc:4    | Found Pnaumaq's Magical Wand Boutique.
 31343 | Orc:4    | Found Ehoimp's Weapon Boutique.
 31665 | Orc:4    | Found a roughly hewn altar of Beogh.
 31770 | Orc:4    | Found a staircase to the Elven Halls.
 31770 | Orc:4    | Found Psed's Antique Armour Boutique.
 31770 | Orc:4    | Found Wiab Kaa's Armour Shoppe.
 31819 | Orc:4    | Slain by an orc warrior

Action                   |  1- 3 |  4- 6 |  7- 9 | 10-12 | 13-15 || total
-------------------------+-------+-------+-------+-------+-------++-------
Melee: Dagger            |   165 |   101 |   646 |   603 |  1897 ||  3412
       Spear             |       |    33 |       |       |       ||    33
       Short sword       |       |       |   183 |   163 |       ||   346
       Unarmed           |       |       |       |       |    12 ||    12
Throw: Dart              |       |       |       |       |     2 ||     2
 Cast: Confuse           |     8 |    10 |    43 |    49 |    40 ||   150
       Invisibility      |       |       |     5 |    34 |    46 ||    85
       Ensorcelled Hiber |       |       |       |    31 |   150 ||   181
       Enslavement       |       |       |       |       |    53 ||    53
       Corona            |       |       |       |       |     1 ||     1
 Abil: End Transformatio |       |       |     1 |     1 |       ||     2
       Bat Form          |       |       |     1 |     1 |       ||     2
       Bottle Blood      |       |       |     2 |       |       ||     2
Evoke: Wand              |       |       |    11 |     1 |    14 ||    26
  Use: Potion            |     3 |     7 |     9 |     3 |    15 ||    37
       Scroll            |       |       |    17 |    11 |    27 ||    55
 Stab: Sleeping          |     4 |    15 |    30 |   159 |   291 ||   499
       Confused          |     2 |     4 |    24 |    18 |    16 ||    64
       Distracted        |     1 |       |     1 |     5 |     5 ||    12
       Invisible         |       |       |    10 |    75 |    88 ||   173
